Map: Acid Plant LE

Players

axu - Winner!

  • Race: Protoss Protoss
  • League: Platinum
  • Spawn Location: 5:00

Efgen

  • Race: Protoss Protoss
  • League: Platinum
  • Spawn Location: 11:00

VOD

Have the link to the VOD?

Description

Time

  • Played on: April 11, 2018, 10:21 a.m.
  • Length: 17:05
Show
View Real Time Build Order
Export as new Build Order

axu Protoss - Winner!

Build Orders:  

Get SALT Encoding   

  12  0:00  Probe  
  13  0:13  Probe  
  14  0:18  Pylon  
  14  0:25  Probe  
  15  0:36  Gateway  
  15  0:43  Probe (Chrono Boost)  
  15  0:46  Assimilator  
  16  0:55  Probe (Chrono Boost)  
  17  0:57  Assimilator  
  17  1:02  Probe (Chrono Boost)  
  18  1:11  Probe  
  19  1:18  Gateway  
  19  1:23  Probe  
  20  1:29  Cybernetics Core  
  20  1:35  Probe  
  21  1:46  Pylon  
  21  1:47  Probe  
  22  1:59  Probe  
  23  2:05  Adept x2 (Chrono Boost)  
  23  2:07  Warp Gate  
  27  2:15  Probe  
  28  2:18  Pylon  
  28  2:31  Probe  
  29  2:47  Nexus  
  28  2:56  Pylon  
  26  3:20  Stalker (Chrono Boost)  
  26  3:21  Stalker (Chrono Boost)  
  28  3:27  Probe  
  29  3:34  Robotics Facility  
  29  3:39  Probe  
  30  3:50  Shield Battery  
  30  3:51  Stalker (Chrono Boost)  
  34  3:57  Stalker (Chrono Boost)  
  34  4:04  Probe  
  35  4:13  Gateway  
  35  4:14  Stalker (Chrono Boost)  
  37  4:29  Immortal (Chrono Boost)  
  41  4:40  Gateway  
  41  4:42  Probe  
  41  4:43  Probe  
  43  4:50  Stalker  
  45  5:02  Shield Battery  
  45  5:12  Stalker  
  47  5:14  Immortal  
  47  5:20  Probe x2  
  53  5:27  Pylon  
  53  5:32  Probe x2  
  53  5:34  Stalker  
  53  5:35  Stalker  
  59  5:43  Stalker  
  59  5:45  Probe  
  59  5:46  Probe  
  63  6:10  Probe x2  
  65  6:12  Observer  
  66  6:21  Assimilator  
  66  6:25  Assimilator, Nexus  
  68  6:26  Pylon  
  68  6:30  Twilight Council  
  68  6:32  Probe x2 (Chrono Boost)  
  68  6:42  Probe x2 (Chrono Boost)  
  68  6:44  Immortal  
  74  6:47  Probe (Chrono Boost)  
  74  6:48  Probe  
  74  6:49  Pylon  
  74  6:51  Pylon  
  76  6:59  Stalker  
  78  7:08  Probe x2  
  80  7:19  Stalker x2  
  80  7:20  Stalker, Probe x2  
  88  7:42  Pylon  
  88  7:49  Stalker x2  
  88  7:50  Stalker x2  
  96  7:54  Assimilator  
  96  7:56  Probe x3  
  99  7:59  Assimilator  
  99  8:08  Probe x3  
  102  8:16  Gateway  
  102  8:17  Gateway  
  102  8:18  Gateway  
  102  8:19  Gateway  
  102  8:22  Forge  
  102  8:25  Forge  
  102  8:30  Probe x3  
  105  8:42  Probe x3  
  105  8:45  Templar Archives  
  105  8:46  Robotics Facility  
  108  8:52  Immortal  
  112  8:58  Pylon  
  112  9:02  Pylon  
  111  9:23  High Templar x6  
  111  9:24  High Templar x2  
  127  9:27  Archon x3  
  127  9:28  Archon  
  127  9:32  Observer  
  127  9:34  Observer  
  129  9:52  Probe x2  
  131  9:54  Observer  
  131  9:59  Shield Battery  
  132  10:01  Shield Battery  
  132  10:04  Shield Battery  
  132  10:05  Gateway  
  132  10:06  Gateway  
  132  10:10  Protoss Ground Armor Level 1 (Chrono Boost), Protoss Ground Weapons Level 1 (Chrono Boost)  
  132  10:12  Gateway  
  132  10:16  Pylon  
  132  10:18  Pylon  
  132  10:20  Pylon  
  132  10:21  Stargate  
  132  10:23  Pylon  
  132  10:34  Warp Prism x2  
  136  10:42  Nexus  
  134  11:10  Immortal x2  
  142  11:16  Assimilator  
  142  11:20  Assimilator  
  142  11:22  Pylon  
  142  11:24  Stargate, Pylon  
  142  11:26  Stargate  
  142  11:27  Pylon  
  142  11:29  Stargate, Pylon  
  142  11:30  Fleet Beacon  
  142  12:10  Carrier x4 (Chrono Boost)  
  166  12:19  Protoss Ground Armor Level 2 (Chrono Boost)  
  166  12:25  Protoss Air Weapons Level 1  
  166  12:29  Protoss Ground Weapons Level 2 (Chrono Boost)  
  166  12:44  Zealot x4  
  166  12:45  Zealot x6  
  166  12:51  Graviton Catapult (Chrono Boost)  
  186  13:04  Charge  
  166  13:25  Carrier x2 (Chrono Boost)  
  166  13:26  Carrier x2 (Chrono Boost)  
  190  13:36  Mothership  
  198  13:45  Cybernetics Core  
  198  13:48  High Templar  
  200  14:15  Protoss Air Weapons Level 2 (Chrono Boost)  
  200  14:16  Protoss Air Armor Level 1 (Chrono Boost)  
  200  16:05  Photon Cannon  
  200  16:07  Photon Cannon  
  200  16:11  Photon Cannon  
  182  16:12  Photon Cannon  
  182  16:14  Photon Cannon  
  182  16:15  Photon Cannon  
  166  16:18  Photon Cannon  
  166  16:21  Photon Cannon  
  166  16:23  Photon Cannon  
Show
View Real Time Build Order
Export as new Build Order

Efgen Protoss 

Build Orders:  

Get SALT Encoding   

  12  0:01  Probe  
  13  0:13  Probe  
  14  0:18  Pylon  
  14  0:25  Probe  
  15  0:37  Probe (Chrono Boost)  
  15  0:38  Gateway  
  16  0:49  Probe (Chrono Boost)  
  17  0:50  Assimilator  
  17  0:54  Probe (Chrono Boost)  
  18  1:03  Probe  
  19  1:07  Gateway  
  19  1:15  Probe  
  20  1:28  Probe  
  20  1:29  Cybernetics Core  
  21  1:33  Pylon  
  21  1:47  Assimilator  
  21  1:59  Probe  
  22  2:05  Stalker x2  
  26  2:11  Probe  
  27  2:23  Probe  
  27  2:27  Pylon  
  27  2:29  Robotics Facility  
  28  2:37  Stalker  
  30  3:03  Stalker  
  32  3:07  Stalker  
  32  3:21  Probe (Chrono Boost)  
  32  3:27  Immortal (Chrono Boost)  
  32  3:30  Probe (Chrono Boost), Warp Gate  
  37  3:35  Probe (Chrono Boost)  
  38  3:47  Probe  
  39  4:02  Pylon  
  38  4:04  Pylon  
  38  4:20  Stalker x2, Immortal  
  44  4:42  Nexus  
  44  5:02  Probe  
  45  5:08  Pylon  
  45  5:11  Pylon  
  45  5:14  Probe  
  46  5:24  Gateway  
  46  5:26  Probe  
  46  5:27  Twilight Council  
  47  5:29  Pylon  
  47  5:32  Observer  
  48  5:38  Probe  
  49  5:42  Assimilator  
  49  5:47  Assimilator  
  49  5:52  Probe (Chrono Boost)  
  50  5:57  Probe (Chrono Boost)  
  50  6:01  Zealot  
  54  6:08  Probe x2 (Chrono Boost)  
  55  6:14  Charge (Chrono Boost)  
  55  6:16  Observer, Probe (Chrono Boost)  
  55  6:17  Probe (Chrono Boost)  
  58  6:22  Probe (Chrono Boost)  
  58  6:25  Probe (Chrono Boost)  
  60  6:29  Probe (Chrono Boost)  
  61  6:37  Immortal  
  66  6:40  Probe (Chrono Boost)  
  66  6:41  Probe (Chrono Boost)  
  67  6:53  Probe  
  67  6:55  Probe  
  67  6:58  Stalker  
  67  6:59  Zealot  
  73  7:11  Gateway  
  73  7:14  Gateway  
  73  7:15  Probe x2  
  75  7:17  Immortal  
  75  7:21  Pylon  
  79  7:24  Pylon  
  79  7:27  Probe  
  80  7:33  Zealot x2  
  84  8:09  Stalker  
  84  8:10  Stalker  
  88  8:21  Immortal  
  92  8:31  Forge  
  92  8:33  Forge  
  92  8:36  Gateway  
  92  8:37  Zealot x2  
  92  8:38  Zealot x2  
  100  8:42  Pylon  
  100  8:44  Pylon  
  100  8:49  Pylon  
  100  8:59  Protoss Ground Armor Level 1 (Chrono Boost), Protoss Ground Weapons Level 1 (Chrono Boost)  
  100  9:00  Immortal  
  104  9:09  Probe x2  
  106  9:11  Nexus  
  106  9:12  Pylon  
  106  9:13  Pylon  
  106  9:17  Stalker, Zealot  
  108  9:18  Zealot  
  108  9:21  Probe  
  113  9:39  Robotics Facility, Immortal  
  117  9:54  Blink  
  117  10:03  Probe x2  
  118  10:10  Nexus  
  118  10:13  Pylon  
  118  10:16  Probe x2 (Chrono Boost)  
  118  10:19  Observer  
  121  10:27  Probe (Chrono Boost)  
  123  10:33  Protoss Ground Weapons Level 2 (Chrono Boost)  
  123  10:34  Protoss Ground Armor Level 2 (Chrono Boost), Probe (Chrono Boost)  
  124  10:37  Probe (Chrono Boost)  
  124  10:38  Probe (Chrono Boost)  
  125  10:47  Immortal x2  
  133  10:56  Stalker  
  135  10:58  Sentry x3  
  135  10:59  Sentry  
  143  11:21  Stalker x2  
  147  11:28  Assimilator, Probe  
  148  11:32  Assimilator  
  148  11:40  Probe  
  149  11:47  Assimilator  
  149  11:49  Assimilator  
  149  11:53  Probe, Photon Cannon  
  150  11:55  Photon Cannon  
  150  11:57  Pylon  
  150  11:59  Probe x2  
  150  12:00  Probe  
  150  12:01  Pylon  
  153  12:04  Pylon  
  153  12:05  Stalker x2, Probe  
  153  12:07  Zealot  
  160  12:10  Immortal x2  
  160  12:11  Probe  
  169  12:17  Probe  
  169  12:19  Protoss Air Weapons Level 1 (Chrono Boost)  
  170  12:23  Probe  
  170  12:29  Gateway  
  171  12:38  Protoss Ground Weapons Level 3 (Chrono Boost), Protoss Ground Armor Level 3 (Chrono Boost)  
  171  12:53  Observer x2  
  173  13:14  Immortal x2  
  173  13:16  Probe  
  173  13:17  Probe x2  
  184  13:25  Photon Cannon  
  184  13:26  Photon Cannon  
  184  13:31  Photon Cannon  
  184  13:42  Stalker x2  
  188  13:50  Stargate  
  188  13:54  Stargate  
  188  13:56  Protoss Air Armor Level 1 (Chrono Boost), Stargate  
  188  13:58  Immortal x2  
  196  14:03  Gateway  
  196  14:07  Gateway  
  196  14:35  Fleet Beacon  
  196  14:41  Probe x2 (Chrono Boost)  
  196  14:44  Probe (Chrono Boost)  
  199  14:46  Protoss Shields Level 1 (Chrono Boost)  
  199  15:23  Nexus  
  199  15:24  Pylon  
  199  15:25  Pylon  
  199  15:36  Nexus  
  199  15:38  Pylon  
  199  15:41  Pylon  
  199  15:50  Gateway  
  199  15:51  Gateway  
  199  15:52  Gateway  
  199  15:54  Pylon  
  199  15:56  Pylon  
  199  16:03  Graviton Catapult  
  199  16:09  Stalker x2  
  199  16:10  Stalker x2  
  199  16:11  Stalker  
  185  16:12  Stalker  
Tags
 
Add a new tag
Caveats
  • Supply blocks, unpowered buildings, or Contaminate may cause inaccurate times.
  • Supply counts are checked every 10 seconds.